 Dungeon Crawl Stone Soup version 0.30.0-15-g856e2d3f33 (webtiles) character file.

Game seed: 7915227001475449426

616 qw the Chopper (level 7, -2/45 HPs)
             Began as a Gargoyle Cinder Acolyte on May 18, 2023.
             Was a Priest of Ignis.
             Slain by an ogre
             ... wielding a +0 giant spiked club
              (15 damage)
             ... on level 4 of the Dungeon.
             The game lasted 00:01:41 (2768 turns).

qw the Chopper (Gargoyle Cinder Acolyte)            Turns: 2768, Time: 00:01:41

Health: -2/45      AC: 22    Str: 25    XL:     7   Next: 45%
Magic:  0/8        EV:  8    Int: 15    God:    Ignis [***...]
Gold:   101        SH:  0    Dex:  5    Spells: 8/8 levels left

rFire   + + .        o - +0 broad axe
rCold   . . .        (no shield)
rNeg    + . .        d - +0 chain mail
rPois   inf          (no helmet)
rElec   +            (no cloak)
rCorr   .            a - +1 pair of gloves
SInv    .            (no boots)
Will    .....        f - amulet of guardian spirit Stlth
                     i - ring of protection from fire
HPRegen 0.27/turn    e - +6 ring of strength
MPRegen 0.11/turn

%: guardian spirit
@: fiery-armoured
A: sickness immunity, AC +4, negative energy resistance 1, electricity
resistance, torment resistance 1, petrification resistance
a: Renounce Religion, Fiery Armour, Foxfire Swarm, Rising Flame


You were on level 4 of the Dungeon.
You worshipped Ignis.
Ignis was most pleased with you.
You visited 1 branch of the dungeon, and saw 4 of its levels.

You collected 175 gold pieces.
You spent 74 gold pieces at shops.


Innate Abilities, Weirdness & Mutations

You are immune to sickness and miasma.
Your stone body is resilient. (AC +4)
You are immune to poison.
You resist negative energy. (rN+)
You are resistant to electric shocks. (rElec)
You are resistant to unholy torment.
You are immune to petrification.


   Skills:
 - Level 5.7 Fighting
 - Level 6.0 Axes
 + Level 2.8 Armour
 - Level 1.0 Spellcasting
 - Level 3.0 Fire Magic


You had 8 spell levels left.
You didn't know any spells.
Your spell library contained the following spells:

 Spells                   Type           Power      Damage    Failure   Level
 Scorch                   Fire           18%        2d5       50%         2

Inventory:

Hand Weapons
 l - a -1 hand axe of flaming
 o - a +0 broad axe (weapon)
Armour
 a - a +1 pair of gloves (worn)
 d - a +0 chain mail (worn)
Jewellery
 e - a +6 ring of strength (right hand)
 f - an amulet of guardian spirit (around neck)
 i - a ring of protection from fire (left hand)
Wands
 h - a wand of digging (6)
Scrolls
 b - 2 scrolls of identify
 n - a scroll of teleportation {unknown}
Potions
 c - a potion of berserk rage {unknown}
 g - a potion of ambrosia {unknown}
 j - a potion of brilliance {unknown}
 k - a potion of mutation {unknown}
 m - a potion of might {unknown}

Dungeon Overview and Level Annotations

Branches:
Dungeon (4/15)
 Temple: D:4-7

Altars:
Hepliaklqana

Shops:
D:3 =*(


Message History

HP restored.
n - a scroll labelled CEAPOOF HUUM You see here an iguana corpse.
b - 2 scrolls of identify (gained 1)
There is a stone staircase leading down here.
You now have 101 gold pieces (gained 6).
o - a +0 broad axe
Found a stone staircase leading up.
Enter note:
Enter note:
2736 ||| SWAPPING to +0 broad axe.
o - a +0 broad axe (weapon)
2737 ||| DROPPING +0 war axe.
You drop a +0 war axe.
An endoplasm comes into view.
The endoplasm quivers.
You hit the endoplasm.
The endoplasm is moderately wounded.
The endoplasm hits you but does no damage.
You barely miss the endoplasm.
The endoplasm is moderately wounded.
The endoplasm freezes you.
You are frozen.
The endoplasm hits you but does no damage.
You slash the endoplasm!
You kill the endoplasm!
You start resting.
Magic restored.
You start resting.
HP restored.
An ogre comes into view. It is wielding a +0 giant spiked club.
You hit the ogre.
The ogre is lightly wounded.
The ogre hits you with a +0 giant spiked club!!
You slice the ogre!!
The ogre is almost dead.
The ogre hits you with a +0 giant spiked club!
2768 ||| INVOKING Fiery Armour.
A protective cloak of flame settles atop you.
The ogre hits you with a +0 giant spiked club!
You die...

...............##......
.................#.###..
.....................#..
...............#........
...............###.#....
...............# #.##.#.
......<........# #.##.#.
......O......).# #=#..##
.......@.......# #.#.##
.......######### #.#.#
####### #...# #..## #..#
#..# #..# ##.# #.#


You could see an ogre.

Vanquished Creatures
  Grinder (D:3)
  An ogre (D:3)
  A hound (D:4)
  2 iguanas (D:4)
  Ijyb (D:4)
  Terence (D:2)
  An orc wizard (D:3)
  8 gnolls
  3 adders
  3 dart slugs
  4 orcs (D:3)
  4 ball pythons
  8 endoplasms
  A giant cockroach (D:2)
  6 goblins
  6 hobgoblins
  7 jackals (D:1)
  7 kobolds
  3 quokkas
  8 bats
  2 frilled lizards
  7 rats
85 creatures vanquished.

Notes
Turn   | Place    | Note
-------+----------+-------------------------------------------
     0 | D:1      | qw the Gargoyle Cinder Acolyte began the quest for the Orb.
     0 | D:1      | Reached XP level 1. HP: 14/14 MP: 2/2
     0 | D:1      | 0 ||| qw: Version: 0.2-a-95-gc95f03d
     0 | D:1      | 0 ||| qw: Game counter: 61
     0 | D:1      | 0 ||| qw: Always use a shield: true
     0 | D:1      | 0 ||| qw: God list: Okawaru
     0 | D:1      | 0 ||| qw: Allow faded altars: false
     0 | D:1      | 0 ||| qw: Do Orc after D:15 true
     0 | D:1      | 0 ||| qw: Do second Lair branch before Depths: true
     0 | D:1      | 0 ||| qw: Lair rune preference: random
     0 | D:1      | 0 ||| qw: Plans: Normal
     0 | D:1      | 0 ||| PLANNING D:1-11
     4 | D:1      | Noticed a black mamba
    75 | D:1      | Noticed an anaconda
   191 | D:1      | Reached skill level 3 in Axes
   199 | D:1      | 199 ||| INVOKING Fiery Armour.
   202 | D:1      | Reached XP level 2. HP: 11/19 MP: 3/3
   360 | D:1      | 360 ||| Stepping ~*~*~tactically~*~*~ (stealth).
   513 | D:1      | Reached XP level 3. HP: 23/23 MP: 4/4
   653 | D:1      | 653 ||| UPGRADING to +0 chain mail.
   663 | D:1      | 663 ||| DROPPING +0 robe.
   664 | D:1      | 664 ||| READING scroll labelled MAWILIU RELU.
   665 | D:1      | 665 ||| READING scroll labelled HAERHIZXIT.
   666 | D:1      | 666 ||| READING scroll labelled QOXAGR OMALA.
   715 | D:2      | 715 ||| INVOKING Fiery Armour.
   720 | D:2      | Reached skill level 1 in Armour
   720 | D:2      | 720 ||| STAIRDANCE
   721 | D:2      | Reached skill level 4 in Axes
   721 | D:2      | Reached XP level 4. HP: 18/28 MP: 5/5
  1402 | D:2      | Reached XP level 5. HP: 32/32 MP: 6/6
  1440 | D:2      | 1440 ||| UPGRADING to +0 pair of gloves.
  1445 | D:2      | 1445 ||| UPGRADING to amulet of guardian spirit.
  1450 | D:2      | 1450 ||| UPGRADING to ring of protection from fire.
  1451 | D:2      | 1451 ||| READING scroll labelled MIHEISM ALUIQ.
  1452 | D:2      | 1452 ||| READING scroll labelled BICYNU ZIAFIEK.
  1453 | D:2      | 1453 ||| READING scroll labelled NOPHACK TUCIRU.
  1467 | D:3      | Noticed Terence
  1467 | D:3      | Found Talisuwki's Weapon Boutique.
  1472 | D:3      | 1472 ||| STAIRDANCE
  1488 | D:2      | Killed Terence
  1550 | D:3      | 1550 ||| BUYING +0 war axe (49 gold).
  1550 | D:3      | Bought a +0 war axe for 49 gold pieces
  1550 | D:3      | 1550 ||| SWAPPING to +0 war axe.
  1688 | D:3      | Found a faded altar of an unknown god.
  1688 | D:3      | Found a hazy altar of Hepliaklqana.
  1696 | D:3      | Found a faded altar of an unknown god.
  1758 | D:3      | Reached skill level 5 in Axes
  1943 | D:3      | 1943 ||| INVOKING Fiery Armour.
  1952 | D:3      | Found Dicyhog's Assorted Antiques.
  1952 | D:3      | Found Vigearyd's Jewellery Shoppe.
  1970 | D:3      | 1970 ||| BUYING coppery potion (25 gold).
  1970 | D:3      | Bought a coppery potion for 25 gold pieces
  1970 | D:3      | 1970 ||| SHOPLISTING glowing lapis lazuli amulet (140 gold,
                  | have 23).
  1970 | D:3      | 1970 ||| SHOPLISTING scroll labelled MITEOSH ABUN (28 gold,
                  | have 23).
  1970 | D:3      | 1970 ||| SHOPLISTING scroll labelled PALAGG NEDDUAW (28
                  | gold, have 23).
  1970 | D:3      | 1970 ||| SHOPLISTING scroll labelled PIK VAMACE (28 gold,
                  | have 23).
  1973 | D:3      | 1973 ||| SHOPLISTING +5 ring of evasion (504 gold, have
                  | 23).
  1973 | D:3      | 1973 ||| SHOPLISTING +6 ring of dexterity (504 gold, have
                  | 23).
  1973 | D:3      | 1973 ||| SHOPLISTING +6 ring of strength (504 gold, have
                  | 23).
  1973 | D:3      | 1973 ||| SHOPLISTING amulet of reflection (420 gold, have
                  | 23).
  1973 | D:3      | 1973 ||| SHOPLISTING amulet of regeneration (420 gold, have
                  | 23).
  1973 | D:3      | 1973 ||| SHOPLISTING ring of Vatz {Str+2 SInv} (366 gold,
                  | have 23).
  1973 | D:3      | 1973 ||| SHOPLISTING ring of ice (350 gold, have 23).
  2030 | D:3      | Noticed Grinder
  2040 | D:3      | Killed Grinder
  2041 | D:3      | Reached XP level 6. HP: 36/41 MP: 5/7
  2120 | D:3      | 2120 ||| READING scroll of enchant armour.
  2120 | D:3      | 2120 ||| ENCHANTING +0 pair of gloves.
  2198 | D:3      | 2198 ||| UPGRADING to +6 ring of strength.
  2199 | D:3      | 2199 ||| READING scroll labelled QALARGH PEDEMMY.
  2218 | D:4      | 2218 ||| STAIRDANCE
  2220 | D:3      | 2220 ||| INVOKING Fiery Armour.
  2222 | D:3      | Reached XP level 7. HP: 19/45 MP: 2/8
  2378 | D:4      | Noticed Ijyb
  2379 | D:4      | 2379 ||| Stepping ~*~*~tactically~*~*~ (stealth).
  2443 | D:4      | Reached skill level 6 in Axes
  2449 | D:4      | 2449 ||| INVOKING Fiery Armour.
  2451 | D:4      | Killed Ijyb
  2516 | D:4      | 2516 ||| Stepping ~*~*~tactically~*~*~ (stealth).
  2517 | D:4      | 2517 ||| Stepping ~*~*~tactically~*~*~ (stealth).
  2519 | D:4      | 2519 ||| Stepping ~*~*~tactically~*~*~ (stealth).
  2529 | D:4      | 2529 ||| Stepping ~*~*~tactically~*~*~ (stealth).
  2530 | D:4      | 2530 ||| Stepping ~*~*~tactically~*~*~ (stealth).
  2631 | D:4      | 2631 ||| Stepping ~*~*~tactically~*~*~ (hiding).
  2736 | D:4      | 2736 ||| SWAPPING to +0 broad axe.
  2737 | D:4      | 2737 ||| DROPPING +0 war axe.
  2768 | D:4      | 2768 ||| INVOKING Fiery Armour.
  2768 | D:4      | Slain by an ogre

Levels and vault maps discovered:
D:1:      sevenhm_arrival_forest_fort_small_2, layout_rooms, fountainhead,
          grunt_decor_clamped
D:2:      layout_basic
D:3:      layout_basic, nicolae_hepliaklqana_ecumenical_no_more, serial_shops,
          shop, shop, shop, amcnicky_mini_corridor_feature, uniq_terence,
          uniq_grinder
D:4:      layout_rooms, uniq_ijyb, uniq_sigmund

Skill      XL: |  1  2  3  4  5  6  7 |
---------------+----------------------+-----
Axes           | 3 4 5 6 |  6.0
Armour         | 1 2 |  2.8
Fighting       | 5 |  5.7
Spellcasting   | |  1.0
Fire Magic     | |  3.0

Action                     |  1- 3 |  4- 6 |  7- 9 || total
---------------------------+-------+-------+-------++-------
  Melee: Hand axe          |    73 |   119 |       ||   192
         War axe           |       |    59 |    68 ||   127
         Punch             |       |     1 |     1 ||     2
         Broad axe         |       |       |     5 ||     5
 Invoke: Fiery Armour      |     2 |     2 |     2 ||     6
    Use: Scroll            |     3 |     5 |       ||     8
 Armour: Robe              |    31 |       |       ||    31
         Chain mail        |     9 |   122 |    57 ||   188
  Dodge: Dodged            |    76 |    67 |    31 ||   174

Table legend:
 A = Non-vault XP
 B = Vault XP
 C = Vault XP percentage of total XP
 D = Non-vault monster count
 E = Vault monster count
 F = Vault count percentage of total count
                 A         B        C        D         E       F
            +---------+---------+-------+---------+---------+-------
      Total |     554 |     326 |  37.0 |      82 |       3 |   3.5
            +---------+---------+-------+---------+---------+-------
        D:1 |      62 |       0 |   0.0 |      21 |       0 |   0.0
        D:2 |     104 |      36 |  25.7 |      26 |       1 |   3.7
        D:3 |     192 |     254 |  57.0 |      20 |       1 |   4.8
        D:4 |     196 |      36 |  15.5 |      15 |       1 |   6.2
            +---------+---------+-------+---------+---------+-------
